 Dungeon Crawl Stone Soup version 0.28-a0-1567-g1695149f81 (webtiles) character file.

Game seed: 16231792049806827067

494 hashsling the Grave Robber (level 6, -2/56 HPs)
             Began as a Deep Dwarf Necromancer on Jan 19, 2022.
             Slain by an iguana (9 damage)
             ... on level 4 of the Dungeon.
             The game lasted 00:13:35 (4567 turns).

hashsling the Grave Robber (Deep Dwarf Necromancer) Turns: 4567, Time: 00:13:36

Health: -2/56      AC:  7    Str: 12    XL:     6   Next: 92%
Magic:  2/8        EV: 12    Int: 17    God:
Gold:   125        SH:  0    Dex: 13    Spells: 3/8 levels left

rFire   . . .      SeeInvis .   q - +0 hand axe
rCold   . . .      Faith    .   (no shield)
rNeg    . . .      Spirit   .   f - +0 ring mail
rPois   .          Reflect  .   (no helmet)
rElec   .          Harm     .   (no cloak)
rCorr   +          Rampage  .   (no gloves)
Will    .....                   l - +0 pair of boots
Stlth   +.........              (no amulet)
HPRegen 0.00/turn               i - ring of resist corrosion
MPRegen 0.11/turn               (no ring)

@: very slightly contaminated
A: damage resistance, heal wounds, sense surroundings 1, no regeneration
a: Heal Wounds


You were on level 4 of the Dungeon.
You visited 1 branch of the dungeon, and saw 4 of its levels.

You collected 125 gold pieces.

Inventory:

Hand Weapons
 e - a +0 dagger
 k - a +0 spear
 q - a +0 hand axe (weapon)
Missiles
 a - 15 poisoned darts
 b - 6 javelins
 m - 44 bolts
 s - a throwing net
Armour
 c - a +0 scale mail
 f - a +0 ring mail (worn)
 j - a scarf of harm
 l - a +0 pair of boots (worn)
Jewellery
 i - a ring of resist corrosion (left hand)
 v - an amulet of guardian spirit
Scrolls
 d - a scroll of fog {unknown}
 g - a scroll of magic mapping {unknown}
 h - 4 scrolls of identify {unknown}
 n - a scroll of fear {unknown}
 o - a scroll of holy word {unknown}
 u - a scroll of torment {unknown}
Potions
 p - 2 potions of curing
 r - 3 potions of lignification {unknown}
 t - a potion of degeneration {unknown}
 w - a potion of ambrosia {unknown}


   Skills:
 + Level 3.0 Fighting
 + Level 2.0 Axes
 + Level 3.8 Armour
 + Level 4.4 Dodging
 - Level 2.4 Stealth
 - Level 1.7 Spellcasting
 + Level 5.4 Necromancy


You had 3 spell levels left.
You knew the following spells:

 Your Spells              Type           Power      Damage    Failure   Level
a - Pain                  Necr           76%        1d7       4%          1
b - Animate Skeleton      Necr           38%        N/A       4%          1
c - Vampiric Draining     Necr           19%        2d7       14%         3

Your spell library contained the following spells:

 Spells                   Type           Power      Damage    Failure   Level
 Animate Dead             Necr           9%         N/A       41%         4
 Agony                    Necr           19%        N/A       77%         5


Dungeon Overview and Level Annotations

Branches:
Dungeon (4/15)
 Temple: D:4-7

Altars:
Kikubaaqudgha
The Shining One


Innate Abilities, Weirdness & Mutations

You are resistant to damage.
You can heal yourself by infusing magical energy.
You passively map a small area around you.
You do not regenerate.


Message History

Unknown command.
You miss the ufetubus. The ufetubus closely misses you.
The ufetubus hits you but does no damage.
The ufetubus hits you.
The ufetubus hits you but does no damage.
You hit the ufetubus. You punch the ufetubus.
You kill the ufetubus!
An iguana comes into view.
The iguana hisses angrily.
Casting: Vampiric Draining (dangerous; 14% risk of failure)
Confirm with . or Enter, or press ? or * to list all spells.
Aiming: Vampiric Draining (dangerous; 14% risk of failure)
Press: ? - help, Shift-Dir - straight line, f - iguana
Aim: an iguana You miscast Vampiric Draining.
You are very lightly contaminated with residual magic.
Nothing appears to happen.
The iguana bites you!
Casting: Vampiric Draining (dangerous; 14% risk of failure)
Confirm with . or Enter, or press ? or * to list all spells.
Aiming: Vampiric Draining (dangerous; 14% risk of failure)
Press: ? - help, Shift-Dir - straight line, f/p - iguana
Aim: an iguana You miscast Vampiric Draining.
Nothing appears to happen.
The iguana bites you!
You hit the iguana.
The iguana is moderately wounded.
The iguana completely misses you.
You barely miss the iguana.
The iguana is moderately wounded.
The iguana bites you. The iguana closely misses you.
You hit the iguana.
The iguana is heavily wounded.
The iguana bites you.
You barely miss the iguana.
The iguana is heavily wounded.
The iguana bites you!
* * * LOW HITPOINT WARNING * * *
You closely miss the iguana.
The iguana is heavily wounded.
The iguana bites you!
You die...

#......................#
########.##.###.########
#.##.###.# #........#
####.##### ######.###
#........# *#.####.#.##
.......@..# ,
#.####l#..# * #.....# ,
#......# ........., , *
#####.##### #. #. * ,


You could see an iguana.

Vanquished Creatures
  A water moccasin (D:3)
  A scorpion (D:3)
  Natasha (thrice) (D:2)
  2 orc wizards (D:4)
  6 adders
  3 gnolls (D:3)
  An ufetubus (D:4)
  2 worms
  A dart slug (D:2)
  11 orcs
  15 ball pythons
  8 endoplasms
  2 giant cockroaches
  4 goblins
  5 hobgoblins
  7 jackals (D:2)
  6 kobolds
  2 quokkas
  8 bats
  2 frilled lizards (D:3)
  8 rats
98 creatures vanquished.

Vanquished Creatures (collateral kills)
  A dart slug (D:1)
1 creature vanquished.

Grand Total: 99 creatures vanquished

Notes
Turn   | Place    | Note
-------+----------+-------------------------------------------
     0 | D:1      | hashsling the Deep Dwarf Necromancer began the quest for
                  | the Orb.
     0 | D:1      | Reached XP level 1. HP: 15/15 MP: 3/3
   340 | D:1      | Reached skill level 1 in Armour
   340 | D:1      | Reached XP level 2. HP: 22/24 MP: 2/4
   346 | D:1      | Learned a level 1 spell: Animate Skeleton
   573 | D:1      | Reached skill level 1 in Fighting
   861 | D:1      | Reached XP level 3. HP: 27/31 MP: 1/5
   973 | D:1      | Found a faded altar of an unknown god.
  1276 | D:2      | Learned a level 3 spell: Vampiric Draining
  1802 | D:2      | Noticed Natasha
  1810 | D:2      | Killed Natasha
  1811 | D:2      | Reached XP level 4. HP: 33/39 MP: 0/6
  2121 | D:2      | Noticed Natasha
  2127 | D:2      | Killed Natasha
  2232 | D:2      | Noticed Natasha
  2239 | D:2      | Killed Natasha
  2240 | D:2      | Reached XP level 5. HP: 29/45 MP: 3/7
  2729 | D:3      | Found a glowing golden altar of the Shining One.
  2729 | D:3      | Found an ancient bone altar of Kikubaaqudgha.
  2918 | D:3      | Noticed a water moccasin
  2931 | D:3      | Killed a water moccasin
  2932 | D:3      | Reached skill level 1 in Axes
  2932 | D:3      | Reached skill level 5 in Necromancy
  2932 | D:3      | Reached XP level 6. HP: 27/55 MP: 1/8
  3350 | D:3      | Identified the +1 leather armour "Ket Lemp" {-Tele rElec
                  | Will+}
  4567 | D:4      | Slain by an iguana

Illustrated notes

Levels and vault maps discovered:
D:1:      eino_arrival_cavern_b, layout_loops_ring,
          ebering_ecumenical_altar_hall
D:2:      layout_basic, uniq_natasha
D:3:      layout_basic, gammafunk_temple_overflow_pools, grunt_ministairs_1
D:4:      layout_loops_corners

Skill      XL: |  1  2  3  4  5  6 |
---------------+-------------------+-----
Armour         | 1 2 3 |  3.8
Fighting       | 1 2 3 |  3.0
Dodging        | 3 4 |  4.4
Axes           | 1 2 |  2.0
Necromancy     | 5 |  5.4
Stealth        | |  2.4
Spellcasting   | |  1.7

Action                   |  1- 3 |  4- 6 || total
-------------------------+-------+-------++-------
Melee: Dagger            |   101 |       ||   101
       Spear             |    21 |    63 ||    84
       Punch             |     2 |     6 ||     8
       Hand axe          |       |   137 ||   137
 Cast: Pain              |    46 |    25 ||    71
       Animate Skeleton  |     1 |       ||     1
       Vampiric Draining |     2 |    29 ||    31
 Stab: Sleeping          |     2 |     1 ||     3
Armor: Ring mail         |    54 |    92 ||   146
Dodge: Dodged            |    86 |   106 ||   192

Table legend: (Time is in decaauts)
 A = Elapsed time spent in this place.
 B = Non-inter-level travel time spent in this place.
 C = Inter-level travel time spent in this place.
 D = Time resting spent in this place.
 E = Time spent auto-exploring this place.
 F = Levels seen in this place.
 G = Mean time per level.
                   A        B        C        D        E       F      G
               +--------+--------+--------+--------+--------+-----+--------+
         Total |   4620 |   4497 |    123 |      0 |   3496 |   4 | 1155.0 |
       Dungeon |   4620 |   4497 |    123 |      0 |   3496 |   4 | 1155.0 |
               +--------+--------+--------+--------+--------+-----+--------+

Top non-repeatable levels by time:
     D:2: 1318 daAuts
     D:3: 1290 daAuts
     D:1: 1271 daAuts
     D:4: 740 daAuts
